TOP OF THE 1ST |
Long Beach KO batting - Pitching for Oceanside Swamp Foxes : LHP Gabriel Rodríguez
|
Pitching: LHP Gabriel Rodríguez
|
|
Batting: RHB Jorge Molina
|
0-0: Foul Ball, location: 2F 0-1: Fly out, F4 (Line Drive, 4M)
|
Batting: RHB Robert Stevens
|
0-0: Called Strike 0-1: Ball 1-1: Swinging Strike 1-2: Foul Ball, location: 2F 1-2: Ball 2-2: Ground out 5-3 (Groundball, 56S)
|
Batting: LHB Walt Brown
|
0-0: Foul Ball, location: 2F 0-1: SINGLE (Line Drive, 56D)
|
Batting: RHB Ben Simpson
|
0-0: Ball 1-0: Ball 2-0: Called Strike 2-1: SINGLE (Line Drive, 6MD) Walt Brown to second
|
Batting: RHB Scott Wise
|
0-0: Called Strike 0-1: Swinging Strike 0-2: Ball 1-2: Fly out, F9 (Flyball, 89S)
|
Top of the 1st over - 0 run(s), 2 hit(s), 0 error(s), 2 left on base; Long Beach 0 - Oceanside 0 |
BOTTOM OF THE 1ST |
Oceanside Swamp Foxes batting - Pitching for Long Beach KO : RHP Vincent Davis
|
Pitching: RHP Vincent Davis
|
|
Batting: SHB Alberto Sandoval
|
0-0: Swinging Strike 0-1: Foul Ball, location: 2F 0-2: Ball 1-2: Foul Ball, location: 2F 1-2: Strikes out swinging
|
Batting: LHB Clinton O'Brien
|
0-0: SINGLE (Line Drive, 78S)
|
Batting: LHB Howard Holder
|
0-0: Ball 1-0: Fly out, F8 (Line Drive, 8LM)
|
Batting: LHB Hamilton Hughes
|
0-0: Ball 1-0: Foul Ball, location: 2F 1-1: SINGLE (Line Drive, 78S) Clinton O'Brien to second
|
Batting: SHB Tony Yan
|
0-0: Foul Ball, location: 2F 0-1: Ball 1-1: Ball 2-1: Ball 3-1: Base on Balls Clinton O'Brien to third Hamilton Hughes to second
|
Batting: RHB Rob Turner
|
0-0: Ball 1-0: Ball 2-0: Foul Ball, location: 2F 2-1: Ball 3-1: Base on Balls Clinton O'Brien scores Hamilton Hughes to third Tony Yan to second
|
Batting: SHB David Boyle
|
0-0: Foul Ball, location: 2F 0-1: Fly out, F8 (Flyball, 8RS)
|
Bottom of the 1st over - 1 run(s), 2 hit(s), 0 error(s), 3 left on base; Long Beach 0 - Oceanside 1 |
TOP OF THE 2ND |
Long Beach KO batting - Pitching for Oceanside Swamp Foxes : LHP Gabriel Rodríguez
|
Batting: RHB Kenny Pruitt
|
0-0: Ball 1-0: Fly out, F8 (Flyball, 8LXD)
|
Batting: RHB Juan Rodríguez
|
0-0: Ball 1-0: Swinging Strike 1-1: Called Strike 1-2: Strikes out looking
|
Batting: RHB Juan Herrera
|
0-0: Ball 1-0: Ball 2-0: Ball 3-0: Base on Balls
|
Batting: RHB Francisco López
|
0-0: Ball 1-0: Ball 2-0: Ball 3-0: Base on Balls Juan Herrera to second
|
Batting: RHB Jorge Molina
|
0-0: Ground out 5-3 (Groundball, 5)
|
Top of the 2nd over - 0 run(s), 0 hit(s), 0 error(s), 2 left on base; Long Beach 0 - Oceanside 1 |
BOTTOM OF THE 2ND |
Oceanside Swamp Foxes batting - Pitching for Long Beach KO : RHP Vincent Davis
|
Batting: LHB Luis Aragón
|
0-0: Swinging Strike 0-1: Ball 1-1: Ball 2-1: SINGLE (Line Drive, 4D)
|
Batting: SHB Dale Winters
|
0-0: Ball 1-0: Ball 2-0: SINGLE (Line Drive, 4D) Luis Aragón to second
|
Batting: SHB Alberto Sandoval
|
0-0: Ball 1-0: Called Strike 1-1: Ball 2-1: Ball 3-1: Foul Ball, location: 2F 3-2: SINGLE (Groundball, 6M) Luis Aragón to third Dale Winters to second
|
Batting: LHB Clinton O'Brien
|
0-0: Ball 1-0: Fly out, F3 (Popup, 2L)
|
Batting: LHB Howard Holder
|
0-0: Ball 1-0: Fly out, F9 (Flyball, 9D) Runner from 3rd tags up, SCORES, no throw
|
Batting: LHB Hamilton Hughes
|
0-0: Foul Ball, location: 2F 0-1: DOUBLE (Line Drive, 8RXD) Dale Winters scores Alberto Sandoval to third Runner from 3rd tries for Home, SAFE, no throw or cutoff
|
Batting: SHB Tony Yan
|
0-0: Called Strike 0-1: Ball 1-1: Ball 2-1: Foul Ball, location: 2F 2-2: Foul Ball, location: 2F 2-2: Ground out 1-3 (Groundball, 13S)
|
Bottom of the 2nd over - 3 run(s), 4 hit(s), 0 error(s), 1 left on base; Long Beach 0 - Oceanside 4 |
TOP OF THE 3RD |
Long Beach KO batting - Pitching for Oceanside Swamp Foxes : LHP Gabriel Rodríguez
|
Batting: RHB Robert Stevens
|
0-0: Ball 1-0: Ball 2-0: Called Strike 2-1: Ball 3-1: Base on Balls
|
Batting: LHB Walt Brown
|
0-0: Ball 1-0: Called Strike 1-1: Ball 2-1: Called Strike 2-2: Ball 3-2: Foul Ball, location: 2F 3-2: SINGLE (Line Drive, 56D) Robert Stevens to second
|
Batting: RHB Ben Simpson
|
0-0: Ball 1-0: Called Strike 1-1: Swinging Strike 1-2: Strikes out swinging
|
Batting: RHB Scott Wise
|
0-0: Called Strike 0-1: Swinging Strike 0-2: Foul Ball, location: 2F 0-2: Foul Ball, location: 2F 0-2: Foul Ball, location: 2F 0-2: SINGLE (Line Drive, 6MD) Robert Stevens to third Walt Brown to second
|
Batting: RHB Kenny Pruitt
|
0-0: Called Strike 0-1: Ball 1-1: GRAND SLAM HOME RUN (Flyball, 89XD), Distance : 418 ft
|
Batting: RHB Juan Rodríguez
|
0-0: Ball 1-0: Ball 2-0: Called Strike 2-1: Called Strike 2-2: Strikes out swinging
|
Batting: RHB Juan Herrera
|
0-0: Fly out, F3 (Popup, 34S)
|
Top of the 3rd over - 4 run(s), 3 hit(s), 0 error(s), 0 left on base; Long Beach 4 - Oceanside 4 |
BOTTOM OF THE 3RD |
Oceanside Swamp Foxes batting - Pitching for Long Beach KO : RHP Vincent Davis
|
Batting: RHB Rob Turner
|
0-0: Ball 1-0: Ball 2-0: Ball 3-0: Called Strike 3-1: SINGLE (Flyball, 89S)
|
Batting: SHB David Boyle
|
0-0: Ball 1-0: Ball 2-0: Called Strike 2-1: Fly out, F7 (Flyball, 78S)
|
Batting: LHB Luis Aragón
|
0-0: DOUBLE (Line Drive, 9LM) Rob Turner to third Runner from 3rd tries for Home, SAFE, throw made home
|
Batting: SHB Dale Winters
|
0-0: Called Strike 0-1: Called Strike 0-2: Strikes out swinging
|
Batting: SHB Alberto Sandoval
|
0-0: Swinging Strike 0-1: Ball 1-1: Foul Ball, location: 2F 1-2: Foul Ball, location: 2F 1-2: Ball 2-2: SINGLE (Line Drive, 9S) Luis Aragón to third
|
Batting: LHB Clinton O'Brien
|
0-0: Called Strike 0-1: Ball 1-1: Ball 2-1: Ball 3-1: SINGLE (Groundball, 5D) Luis Aragón scores Alberto Sandoval to second
|
Batting: LHB Howard Holder
|
0-0: Ball 1-0: Swinging Strike 1-1: Ground out U3 (Groundball, 3S)
|
Bottom of the 3rd over - 2 run(s), 4 hit(s), 0 error(s), 2 left on base; Long Beach 4 - Oceanside 6 |
TOP OF THE 4TH |
Long Beach KO batting - Pitching for Oceanside Swamp Foxes : LHP Gabriel Rodríguez
|
Batting: RHB Francisco López
|
0-0: Ball 1-0: Called Strike 1-1: Fly out, F3 (Popup, 34)
|
Batting: RHB Jorge Molina
|
0-0: Ball 1-0: Ground out 1-3 (Groundball, 25)
|
Batting: RHB Robert Stevens
|
0-0: Foul Ball, location: 2F 0-1: Called Strike 0-2: SINGLE (Flyball, 7LM)
|
Batting: LHB Walt Brown
|
0-0: Ball 1-0: Swinging Strike 1-1: Ball 2-1: Swinging Strike 2-2: DOUBLE (Line Drive, 6MD) Robert Stevens to third Runner from 3rd tries for Home, throw and OUT!
|
Top of the 4th over - 0 run(s), 2 hit(s), 0 error(s), 1 left on base; Long Beach 4 - Oceanside 6 |
BOTTOM OF THE 4TH |
Oceanside Swamp Foxes batting - Pitching for Long Beach KO : RHP Vincent Davis
|
Batting: LHB Hamilton Hughes
|
0-0: Ball 1-0: Ball 2-0: Called Strike 2-1: SINGLE (Groundball, 34D)
|
Batting: SHB Tony Yan
|
0-0: Ball 1-0: Ball 2-0: Ball 3-0: Called Strike 3-1: Base on Balls Hamilton Hughes to second
|
Pitching: RHP Vicente Ibarra
|
|
Batting: RHB Rob Turner
|
0-0: Called Strike 0-1: Called Strike 0-2: Ball 1-2: Foul Ball, location: 2F 1-2: Foul Ball, location: 2F 1-2: Fly out, F7 (Flyball, 78M)
|
Batting: SHB David Boyle
|
0-0: Grounds into double play, 4-6-3 (Groundball, 34)
|
Bottom of the 4th over - 0 run(s), 1 hit(s), 0 error(s), 1 left on base; Long Beach 4 - Oceanside 6 |
TOP OF THE 5TH |
Long Beach KO batting - Pitching for Oceanside Swamp Foxes : LHP Gabriel Rodríguez
|
Batting: RHB Ben Simpson
|
0-0: Ball 1-0: Ball 2-0: Ball 3-0: Base on Balls
|
Pitching: RHP Esteve Gabirra
|
|
Batting: RHB Scott Wise
|
0-0: Ball 1-0: Called Strike 1-1: Fly out, F8 (Flyball, 8LM)
|
Batting: RHB Kenny Pruitt
|
0-0: Ball Ben Simpson is caught stealing 2nd base 1-0: Foul Ball, location: 2F 1-1: Fly out, F8 (Flyball, 89M)
|
Top of the 5th over - 0 run(s), 0 hit(s), 0 error(s), 0 left on base; Long Beach 4 - Oceanside 6 |
BOTTOM OF THE 5TH |
Oceanside Swamp Foxes batting - Pitching for Long Beach KO : RHP Vicente Ibarra
|
Batting: LHB Luis Aragón
|
0-0: Ball 1-0: Called Strike 1-1: Ball 2-1: Foul Ball, location: 2F 2-2: Ground out 1-3 (Groundball, 13)
|
Batting: SHB Dale Winters
|
0-0: Called Strike 0-1: Fly out, F4 (Line Drive, 4)
|
Batting: SHB Alberto Sandoval
|
0-0: Foul Ball, location: 2F 0-1: Foul Ball, location: 2F 0-2: Fly out, F7 (Popup, 78S)
|
Bottom of the 5th over - 0 run(s), 0 hit(s), 0 error(s), 0 left on base; Long Beach 4 - Oceanside 6 |
TOP OF THE 6TH |
Long Beach KO batting - Pitching for Oceanside Swamp Foxes : RHP Esteve Gabirra
|
Batting: RHB Juan Rodríguez
|
0-0: Called Strike 0-1: Foul Ball, location: 2F 0-2: Hit by Pitch
|
Batting: RHB Juan Herrera
|
0-0: Called Strike 0-1: Called Strike 0-2: Foul Ball, location: 2F 0-2: Foul Ball, location: 2F 0-2: Foul Ball, location: 2F 0-2: Strikes out swinging
|
Batting: RHB Francisco López
|
0-0: Fly out, F4 (Popup, 34D)
|
Batting: RHB Jorge Molina
|
0-0: Swinging Strike 0-1: Swinging Strike 0-2: Ball 1-2: Foul Ball, location: 2F 1-2: Ball 2-2: Ball 3-2: Strikes out swinging
|
Top of the 6th over - 0 run(s), 0 hit(s), 0 error(s), 1 left on base; Long Beach 4 - Oceanside 6 |
BOTTOM OF THE 6TH |
Oceanside Swamp Foxes batting - Pitching for Long Beach KO : RHP Vicente Ibarra
|
Batting: LHB Clinton O'Brien
|
0-0: Ball 1-0: DOUBLE (Flyball, 78XD)
|
Batting: LHB Howard Holder
|
0-0: Intentional Walk
|
Batting: LHB Hamilton Hughes
|
0-0: Ball 1-0: Ball 2-0: Called Strike 2-1: 3-RUN HOME RUN (Flyball, 89XD), Distance : 433 ft
|
Pitching: RHP Bill Muńóz
|
|
Batting: SHB Tony Yan
|
0-0: Ball 1-0: Foul Ball, location: 2F 1-1: Ball 2-1: Swinging Strike 2-2: Foul Ball, location: 2F 2-2: Strikes out looking
|
Batting: RHB Rob Turner
|
0-0: Called Strike 0-1: Ball 1-1: Swinging Strike 1-2: Strikes out swinging
|
Batting: SHB David Boyle
|
0-0: Ball 1-0: Fly out, F8 (Flyball, 78M)
|
Bottom of the 6th over - 3 run(s), 2 hit(s), 0 error(s), 0 left on base; Long Beach 4 - Oceanside 9 |
TOP OF THE 7TH |
Long Beach KO batting - Pitching for Oceanside Swamp Foxes : RHP Esteve Gabirra
|
Pitching: LHP Cedric Duncan
|
|
Batting: RHB Robert Stevens
|
0-0: Called Strike 0-1: Ball 1-1: SINGLE (Line Drive, 7S)
|
Batting: LHB Walt Brown
|
0-0: Ball 1-0: Ball 2-0: SINGLE (Groundball, 34D) Robert Stevens to second Runner from 2nd tries for 3rd, SAFE, throw made to third
|
Batting: RHB Ben Simpson
|
0-0: Ball 1-0: Ball 2-0: Ground out 6-3 (Groundball, 6S) Robert Stevens scores Walt Brown to second
|
Batting: RHB Scott Wise
|
0-0: Called Strike 0-1: Swinging Strike 0-2: Ball 1-2: Strikes out swinging
|
Batting: RHB Kenny Pruitt
|
0-0: Ball 1-0: Called Strike 1-1: Ball 2-1: Ball 3-1: Base on Balls
|
Batting: RHB Juan Rodríguez
|
0-0: Ball 1-0: Fly out, F4 (Popup, 4)
|
Top of the 7th over - 1 run(s), 2 hit(s), 0 error(s), 2 left on base; Long Beach 5 - Oceanside 9 |
BOTTOM OF THE 7TH |
Oceanside Swamp Foxes batting - Pitching for Long Beach KO : RHP Bill Muńóz
|
Batting: LHB Luis Aragón
|
0-0: Called Strike 0-1: Ball 1-1: Ball 2-1: Foul Ball, location: 2F 2-2: Foul Ball, location: 2F 2-2: Foul Ball, location: 2F 2-2: Strikes out looking
|
Batting: SHB Dale Winters
|
0-0: Foul Ball, location: 2F 0-1: Ball 1-1: Swinging Strike 1-2: Strikes out swinging
|
Batting: SHB Alberto Sandoval
|
0-0: Foul Ball, location: 2F 0-1: Called Strike 0-2: Strikes out swinging
|
Bottom of the 7th over - 0 run(s), 0 hit(s), 0 error(s), 0 left on base; Long Beach 5 - Oceanside 9 |
TOP OF THE 8TH |
Long Beach KO batting - Pitching for Oceanside Swamp Foxes : LHP Cedric Duncan
|
Batting: RHB Juan Herrera
|
0-0: Called Strike 0-1: Ground out 4-3 (Groundball, 4M)
|
Batting: RHB Francisco López
|
0-0: Called Strike 0-1: Ball 1-1: Called Strike 1-2: SINGLE (Groundball, 5D)
|
Batting: RHB Jorge Molina
|
0-0: Grounds into double play, 6-4-3 (Groundball, 56)
|
Top of the 8th over - 0 run(s), 1 hit(s), 0 error(s), 0 left on base; Long Beach 5 - Oceanside 9 |
BOTTOM OF THE 8TH |
Oceanside Swamp Foxes batting - Pitching for Long Beach KO : RHP Bill Muńóz
|
Pitching: RHP Anastasio Salazar
|
|
Batting: LHB Clinton O'Brien
|
0-0: Ball 1-0: Swinging Strike 1-1: Foul Ball, location: 2F 1-2: Ground out 6-3 (Groundball, 6M)
|
Batting: LHB Howard Holder
|
0-0: Swinging Strike 0-1: Ball 1-1: Ball 2-1: Called Strike 2-2: Ball 3-2: Base on Balls
|
Batting: LHB Hamilton Hughes
|
0-0: Called Strike 0-1: Ball 1-1: Foul Ball, location: 2F 1-2: Ball 2-2: Ball 3-2: Base on Balls Howard Holder to second
|
Batting: SHB Tony Yan
|
0-0: Ball 1-0: Called Strike 1-1: Foul Ball, location: 2F 1-2: Fly out, F9 (Flyball, 9M)
|
Batting: RHB Rob Turner
|
0-0: Ball 1-0: Swinging Strike 1-1: Fly out, F3 (Popup, 3F)
|
Bottom of the 8th over - 0 run(s), 0 hit(s), 0 error(s), 2 left on base; Long Beach 5 - Oceanside 9 |
TOP OF THE 9TH |
Long Beach KO batting - Pitching for Oceanside Swamp Foxes : LHP Cedric Duncan
|
Batting: RHB Robert Stevens
|
0-0: Foul Ball, location: 2F 0-1: Ball 1-1: Ball 2-1: SINGLE (Groundball, 5D)
|
Batting: LHB Walt Brown
|
0-0: Ball 1-0: Ball Wild Pitch! Robert Stevens to second 2-0: Called Strike 2-1: Foul Ball, location: 2F 2-2: Foul Ball, location: 2F 2-2: Fly out, F8 (Flyball, 78D)
|
Batting: RHB Ben Simpson
|
0-0: Ball 1-0: Foul Ball, location: 2F 1-1: Swinging Strike 1-2: Ball Wild Pitch! Robert Stevens to third 2-2: Strikes out swinging
|
Batting: RHB Scott Wise
|
0-0: Ball 1-0: Ball 2-0: Called Strike 2-1: Ball 3-1: Ground out 1-3 (Groundball, 15)
|
Top of the 9th over - 0 run(s), 1 hit(s), 0 error(s), 1 left on base; Long Beach 5 - Oceanside 9 |
|